[Event "*** Titled Tuesday Blitz"]
[Site "Chess.com"]
[Date "2021.03.16"]
[Round "10"]
[White "Manukyan_Artak"]
[Black "kubal123"]
[Result "0-1"]
[WhiteElo "2367"]
[BlackElo "2266"]
[TimeControl "180+1"]
[EndTime "11:54:39 PDT"]
[Termination "kubal123 won on time"]

1. e4 c6 2. d4 d5 3. e5 Bf5 4. c4 e6 5. Nc3 Ne7 6. Nf3 h6 7. Qb3 Qd7 8. Be3 Bh7 9. cxd5 cxd5 10. Bb5 Nbc6 11. O-O Nf5 12. Rfc1 Be7 13. Na4 O-O 14. Nc5 Bxc5 15. Rxc5 Rfc8 16. Rac1 Nfe7 17. Qc3 a6 18. Ba4 b5 19. Bd1 Nd8 20. b4 Kf8 21. Nd2 Nb7 22. Rc7 Rxc7 23. Qxc7 Ke8 24. Nb3 Rc8 25. Qxd7+ Kxd7 26. Nc5+ Nxc5 27. bxc5 Nc6 28. a4 Rb8 29. axb5 axb5 30. Ra1 b4 31. Bb3 Bd3 32. g4 Bc4 33. Ba4 b3 34. Rb1 b2 35. Bd2 Bd3 0-1

[Event "*** Titled Tuesday Blitz"]
[Site "Chess.com"]
[Date "2021.03.16"]
[Round "10"]
[White "Hangar-18"]
[Black "suneebaker"]
[Result "1-0"]
[WhiteElo "2321"]
[BlackElo "2194"]
[TimeControl "180+1"]
[EndTime "11:54:39 PDT"]
[Termination "Hangar-18 won by resignation"]

1. c4 e6 2. Nf3 f5 3. d4 Nf6 4.
Nc3 Be7 5. Bf4 O-O 6. Qc2 d6 7. Rd1 Qe8 8. e3 Nbd7 9. Ng5 Bd8 10. d5 e5 11. Bg3 Nc5 12. b4 Na6 13. a3 h6 14. Ne6 Bxe6 15. dxe6 Qxe6 16. c5 Kh8 17. c6 bxc6 18. Bxa6 f4 19. Bh4 g5 20. Qg6 gxh4 21. Qxh6+ Kg8 22. Qg6+ Kh8 23. O-O Qg4 24.
Qh6+ Kg8 25. exf4 Qxf4 26. Qg6+ Kh8 27. Bb7 Rb8 28. Bxc6 Rg8 29. Qf7 Ng4 30. Qxf4 exf4 31. h3 Ne5 32. Bd5 Be7 33. Bxg8 Rxg8 34. Nd5 Bd8 35. Rfe1 Nf3+ 36. Kf1 Nxe1 37. Rxe1 c6 38. Nxf4 Bg5 39. Ne6 Bf6 40. Nf4 Bb2 41. Re3 Bc1 42. Rf3 Bxf4 43. Rxf4 Rg5 44. Rxh4+ Kg7 45. Rd4 d5 46.
Rg4 1-0

[Event "*** Titled Tuesday Blitz"]
[Site "Chess.com"]
[Date "2021.03.16"]
[Round "10"]
[White "GregShahade"]
[Black "atwalcb"]
[Result "1-0"]
[WhiteElo "2768"]
[BlackElo "2559"]
[TimeControl "180+1"]
[EndTime "11:54:40 PDT"]
[Termination "GregShahade won by checkmate"]

1. e4 d6 2. d4 Nf6 3. Nc3 Nbd7 4. h3 e5 5. Nge2 c6 6. g4 h6 7. Bg2 b5 8. Be3 a5 9. Ng3 g6 10. O-O Bg7 11. Qd2 Qe7 12. Rad1 b4 13. Nce2 Ba6 14. Rfe1 h5 15. g5 Nh7 16. h4 Nhf8 17. f4 exf4 18. Nxf4 Ne6 19. Nf5 Qf8 20. Nxg7+ Qxg7 21. e5 d5 22. Bh3 Ndf8 23. Bf1 Nxf4 24. Bxf4 Ne6 25.
Bxa6 Rxa6 26. Be3 O-O 27. Rf1 Rc8 28. Rf6 Ra7 29. Rdf1 Rd7 30. a3 c5 31. dxc5 Nxc5 32.
Bxc5 Rxc5 33. axb4 axb4 34. e6 fxe6 35. Rxe6 Rf7 36.
Rff6 Rxf6 37. gxf6 Qf7 38. Qe3 Rc8 39. Qe5 Rf8 40.
Qxd5 Qa7+ 41. Kg2 Qa8 42. Rc6+ Kh7 43. Qd7+ Kh6 44. Qg7# 1-0

[Event "*** Titled Tuesday Blitz"]
[Site "Chess.com"]
[Date "2021.03.16"]
[Round "10"]
[White "Mikhail_Golubev"]
[Black "Sokoloco"]
[Result "0-1"]
[WhiteElo "2536"]
[BlackElo "2450"]
[TimeControl "180+1"]
[EndTime "11:54:40 PDT"]
[Termination "Sokoloco won on time"]

1. e4 g6 2. d4 Bg7 3. c4 d6 4. Nc3 Nf6 5. h3 O-O 6. Nf3 e5 7. d5 c5 8. Bg5 h6 9. Be3 a6 10. a4 Kh7 11. g4 Ne8 12. Bd3 Nc7 13. Nd2 Nd7 14. h4 Rb8 15. a5 b5 16. axb6 Rxb6 17.
h5 g5 18. Qc2 f6 19. Nf1 Rf7 20.
Ng3 Nf8 21. Nf5 Ne8 22. b3 Rfb7 23. Rb1 Rb8 24. O-O Nc7 25. Na4 R6b7 26. Rfd1 a5 27. Nxd6 Qxd6 28. Bxc5 Qd8 29. Be2 Nd7 30. Bd6 Nb6 31.
Nxb6 Rxb6 32. Bxc7 Qxc7 33. c5 Rb4 34. d6 Qc6 35. f3 Be6 36. Rd3 a4 37. Rbd1 axb3 38. Qb1 Qxc5+ 0-1

[Event "*** Titled Tuesday Blitz"]
[Site "Chess.com"]
[Date "2021.03.16"]
[Round "10"]
[White "NTBT_DHS"]
[Black "GigaQuparadze"]
[Result "1-0"]
[WhiteElo "2806"]
[BlackElo "2933"]
[TimeControl "180+1"]
[EndTime "11:54:41 PDT"]
[Termination "NTBT_DHS won by resignation"]

1. d4 Nf6 2. Nc3 d5 3. Bg5 g6 4. f3 Bg7 5. e4 dxe4 6. fxe4 O-O 7. Qd2 c5 8. d5 Nbd7 9. Nf3 Ng4 10. Be2 Nde5 11. h3 Nxf3+ 12. gxf3 Nf6 13. O-O-O Qa5 14. Kb1 Re8 15. h4 Nh5 16. Nb5 Qb6 17. Rhg1 a6 18. Nc3 e5 19. Bc4 Qd6 20. a4 b6 21.
Bh6 Bd7 22. Bxg7 Kxg7 23. Qg5 Kh8 24. Qe3 Rab8 25. Bxa6 Ra8 26. Bb5 Nf4 27. b3 Ra5 28. Bxd7 Qxd7 29. d6 Ne6 30. Rd5 Nf4 31. Rd2 Raa8 32.
Nd5 Nxd5 33. Rxd5 Re6 34. Rgd1 h5 35. Qc3 Rae8 36. f4 Kg8 37. f5 gxf5 38. exf5 Rh6 39. Rxe5 Rxe5 40. Qxe5 Kf8 41. f6 Qg4 42. Re1 Kg8 43. Qe8+ 1-0

[Event "*** Titled Tuesday Blitz"]
[Site "Chess.com"]
[Date "2021.03.16"]
[Round "10"]
[White "KarateBaby"]
[Black "Andrakhanova"]
[Result "0-1"]
[WhiteElo "2119"]
[BlackElo "2227"]
[TimeControl "180+1"]
[EndTime "11:54:42 PDT"]
[Termination "Andrakhanova won by resignation"]

1. Nf3 d5 2. c4 e6 3. e3 c6 4. Nc3 Nf6 5. Qc2 Nbd7 6. d4 Bd6 7.
Bd2 O-O 8. O-O-O a5 9. e4 dxe4 10. Nxe4 Nxe4 11. Qxe4 c5 12. Bd3 g6 13. d5 exd5 14.
cxd5 Nf6 15. Qh4 Nxd5 16. Ng5 h5 17. Bc4 Be6 18. Bxd5 Bxd5 19. Bc3 Be7 20. f4 Qd7 21. Qf2 Rad8 22. Rhe1 Rfe8 23. Kb1 Qf5+ 24. Ka1 Bxg5 25. Rxe8+ Rxe8 26. Qxc5 Bxf4 27. Qxd5 Qxd5 28. Rxd5 Bxh2 29. Rxa5 h4 30. a4 Bg3 31. Rb5 Re7 32. Ka2 Kh7 33. Rd5 Re2 34. Rd8 g5 35. Rh8+ Kg6 36. Rg8+ Kf5 37.
Rf8 Kg4 38. Rxf7 Rxg2 39. Rxb7 h3 40. a5 h2 41. Rh7 Bh4 0-1

[Event "*** Titled Tuesday Blitz"]
[Site "Chess.com"]
[Date "2021.03.16"]
[Round "10"]
[White "bait_or_mate"]
[Black "Legendinunknown"]
[Result "0-1"]
[WhiteElo "2495"]
[BlackElo "2587"]
[TimeControl "180+1"]
[EndTime "11:54:45 PDT"]
[Termination "Legendinunknown won by resignation"]

1. d4 Nf6 2. c4 g6 3. Nc3 Bg7 4. Nf3 O-O 5. e4 d6 6. Be2 e5 7.
O-O Nc6 8. dxe5 dxe5 9. Bg5 h6 10. Qxd8 Rxd8 11. Bxf6 Bxf6 12. Nd5 Bg7 13. Nxc7 Rb8 14. h3 Nd4 15. Nxd4 Rxd4 16. f3 f5 17. exf5 Bxf5 18. Rfd1 Bc2 19. Rxd4 exd4 20. Bd1 Bxd1 21. Rxd1 Rc8 22.
Ne6 Rxc4 23. Nxg7 Kxg7 24. Rd2 Kf6 25. Kf2 Ke5 26. Ke2 Rc1 27. Kd3 Kd5 28. Re2 Rd1+ 29. Kc2 Rg1 30. a3 a5 31. Kd3 g5 32. Rc2 b6 33. Re2 h5 34. Rd2 h4 35. Re2 b5 36. Rd2 b4 37. axb4 axb4 38. Re2 b3 39.
Rd2 Re1 40. Rf2 Rd1+ 41. Ke2 Rc1 42. Kd3 Re1 43. f4 Re3+ 44. Kd2 gxf4 45. Rxf4 Rg3 46. Rf2 Kc4 47. Ke2 Rg7 48. Kd2 Rg6 49. Ke2 Ra6 50.
Kd2 Ra2 51. Kc1 Ra1+ 52. Kd2 Rb1 53. Rf4 Rxb2+ 54. Kc1 Rxg2 55. Rxh4 Kc3 56. Kd1 b2 0-1

[Event "*** Titled Tuesday Blitz"]
[Site "Chess.com"]
[Date "2021.03.16"]
[Round "10"]
[White "NishaOnYoutube"]
[Black "LamaChampetre"]
[Result "0-1"]
[WhiteElo "2104"]
[BlackElo "2218"]
[TimeControl "180+1"]
[EndTime "11:54:45 PDT"]
[Termination "LamaChampetre won on time"]

1. e4 c5 2. d4 cxd4 3. c3 d5 4.
exd5 Nf6 5. cxd4 Nxd5 6. Nf3 g6 7. Nc3 Bg7 8. Be2 O-O 9. O-O Nc6 10. h3 b6 11. Bg5 Bb7 12. Rc1 h6 13. Be3 Rc8 14. Re1 Qd7 15. Bb5 a6 16. Ne5 Qd8 17. Nxc6 Bxc6 18.
Bxa6 Ra8 19. Bc4 Nxe3 20. fxe3 Qd7 21. Rf1 b5 22. Bb3 b4 23. Ne2 Bb7 24. Qd3 e6 25.
e4 Ba6 26. Bc4 Bb7 27. Rcd1 Rfd8 28. e5 Qc6 29. Rf2 Bxe5 30. Bb3 Bg7 31. Qe3 Rd6 32.
Nf4 Rad8 33. Ne2 Ba6 34. Rd2 Bxe2 0-1

[Event "*** Titled Tuesday Blitz"]
[Site "Chess.com"]
[Date "2021.03.16"]
[Round "10"]
[White "zverr1"]
[Black "Skatchkov_V"]
[Result "0-1"]
[WhiteElo "2487"]
[BlackElo "2626"]
[TimeControl "180+1"]
[EndTime "11:54:47 PDT"]
[Termination "Skatchkov_V won by resignation"]

1. d4 Nf6 2. c4 e6 3. Nc3 Bb4 4. Nf3 d5 5. Bg5 dxc4 6. e4 h6 7. Bxf6 Qxf6 8. Bxc4 c5 9. e5 Qd8 10. O-O cxd4 11. Ne4 Nc6 12. Qe2 O-O 13. Rad1 Be7 14. Bd3 b6 15. Ng3 Bb7 16. Qe4 g6 17. Qf4 Bg5 18.
Qg4 Nb4 19. Bxg6 fxg6 20. h4 Bxf3 21. gxf3 Bxh4 22. Qxg6+ Kh8 23. Qxh6+ Kg8 24. Qg6+ Kh8 25.
Qh6+ Kg8 26. Qxe6+ Rf7 27. Qg4+ Rg7 28. Qe6+ Kh8 29.
Kg2 Rc8 30. Qh6+ Rh7 31. Qg6 Rc6 32. Qe4 Bxg3 33. fxg3 Rch6 34. Rh1 Rxh1 35. Rxh1 Rxh1 36. Kxh1 d3 37. e6 d2 38. Qe5+ Kg8 39. e7 d1=Q+ 40. Kg2 Q8d2+ 41. Kh3 Qh1+ 42. Kg4 Qd7+ 43. Kf4 Nd3+ 0-1

[Event "*** Titled Tuesday Blitz"]
[Site "Chess.com"]
[Date "2021.03.16"]
[Round "10"]
[White "HackingKid98"]
[Black "NoGuru"]
[Result "1-0"]
[WhiteElo "2435"]
[BlackElo "2280"]
[TimeControl "180+1"]
[EndTime "11:54:47 PDT"]
[Termination "HackingKid98 won on time"]

1. e4 c6 2. d4 d5 3. exd5 cxd5 4. Bd3 Nf6 5. c3 Nc6 6. Nd2 Bg4 7. Ne2 e6 8. f3 Bh5 9. Nf4 Bg6 10. Nxg6 hxg6 11.
Nf1 Bd6 12. Bg5 Qc7 13. Qd2 O-O-O 14. Bc2 Rh5 15. Be3 Kb8 16. O-O-O Rc8 17. Kb1 Na5 18.
Bb3 Nc4 19. Bxc4 Qxc4 20. Bf4 Qc7 21. Bxd6 Qxd6 22. g3 Nd7 23. Ne3 Nb6 24. Qe2 Nc4 25. Nxc4 Rxc4 26. Rc1 Rh8 27. Rc2 Rhc8 28. Rhc1 g5 29. Qe3 Qe7 30. f4 gxf4 31. Qxf4+ Qc7 32. Rf2 b5 33. Qxf7 Qxf7 34. Rxf7 b4 35. Rf3 e5 36. dxe5 d4 37. e6 bxc3 38. bxc3 dxc3 39.
Kc2 Re4 40. Rxc3 Rxc3+ 41. Kxc3 Rxe6 42. Rf1 Re2 43. Rf8+ Kb7 44. Rf7+ Kb6 45. Rxg7 Rxh2 46. Kb3 Rg2 47. Rg5 a5 48. a4 Rg1 49. Kc4 Rb1 50. Rg6+ Kb7 51. g4 Rb4+ 52. Kc5 Rxa4 53. Rg7+ 1-0

[Event "*** Titled Tuesday Blitz"]
[Site "Chess.com"]
[Date "2021.03.16"]
[Round "10"]
[White "c_r_e_e_p_e_r"]
[Black "Vincent_Vega95"]
[Result "1-0"]
[WhiteElo "2381"]
[BlackElo "2712"]
[TimeControl "180+1"]
[EndTime "11:54:49 PDT"]
[Termination "c_r_e_e_p_e_r won by resignation"]

1. e4 g6 2. d4 Bg7 3. Nc3 d6 4.
f4 Nf6 5. Bd3 c5 6. dxc5 dxc5 7.
e5 Nfd7 8. e6 fxe6 9. h4 Nf6 10.
h5 c4 11. Bxc4 Qxd1+ 12. Kxd1 Nxh5 13. Nge2 Nc6 14. Be3 a6 15. Ke1 b5 16. Bb3 Na5 17. Kf2 Nf6 18. Rh4 h5 19. Bb6 Nxb3 20. axb3 Bb7 21.
Nd4 Nd7 22. Nxe6 Nxb6 23. Nc7+ Kf7 24. Nxa8 Rxa8 25. f5 Bf6 26. fxg6+ Kxg6 27. Rhh1 b4 28. Na4 Bd4+ 29. Kg3 Nd5 30. Rae1 Rg8 31. Kh3 Nf4+ 32. Kh2 Kf6 33. g3 Bxh1 34. Rxh1 Ng6 35. c3 Be5 36. Kh3 bxc3 37. bxc3 Rc8 38. c4 e6 39. Rf1+ Kg5 40. Rf7 a5 41. Ra7 Rb8 42. Nc5 Bd4 43. Nxe6+ Kf6 44. Nxd4 Rd8 45. Ra6+ Kf7 46. Nf5 Rd3 47.
Rb6 Rf3 48. Nd6+ Kg7 49. Rb7+ Kh6 50. Nf7+ 1-0

[Event "*** Titled Tuesday Blitz"]
[Site "Chess.com"]
[Date "2021.03.16"]
[Round "10"]
[White "PawnEatingZombie"]
[Black "Fortitudine"]
[Result "1-0"]
[WhiteElo "2202"]
[BlackElo "2267"]
[TimeControl "180+1"]
[EndTime "11:54:49 PDT"]
[Termination "PawnEatingZombie won by resignation"]

1. d4 Nf6 2. c4 c5 3. d5 b5 4.
cxb5 a6 5. e3 g6 6. Nc3 Bg7 7.
a4 O-O 8. Nf3 Bb7 9. e4 e6 10.
Be2 exd5 11. exd5 axb5 12. Bxb5 Re8+ 13. Be3 Ng4 14. O-O Nxe3 15. fxe3 Rxe3 16. Qd2 Re8 17. h4 Ba6 18. Ng5 Bd4+ 19. Kh1 h6 20. Qf4 Qf6 21.
Qxf6 Bxf6 22. Rxf6 hxg5 23. hxg5 Bxb5 24. Nxb5 Rf8 25. b3 Na6 26. Re1 Nb4 27. d6 Rae8 28. Rff1 Nd3 29. Rxe8 Rxe8 30. Ra1 Ra8 31. a5 Nb4 32.
Nc7 Ra7 33. Ra4 Nc6 34. a6 Nb4 35. Kg1 Kg7 36. Kf2 f6 37. Ke3 fxg5 38. Ke4 Kf6 39.
Nd5+ Nxd5 40. Kxd5 Kf5 41. Kxc5 Ke6 42. Kb6 Ra8 43.
Kb7 Rf8 44. a7 Kxd6 45. a8=Q Rxa8 46. Rxa8 Ke5 47. Rg8 Kf4 1-0

[Event "*** Titled Tuesday Blitz"]
[Site "Chess.com"]
[Date "2021.03.16"]
[Round "10"]
[White "BogdanDeac"]
[Black "tptagain"]
[Result "0-1"]
[WhiteElo "2965"]
[BlackElo "2876"]
[TimeControl "180+1"]
[EndTime "11:54:52 PDT"]
[Termination "tptagain won on time"]

1. e4 g6 2. d4 Bg7 3. Nc3 c6 4.
h3 d6 5. Nf3 Nf6 6. a4 O-O 7.
Be3 a5 8. Be2 Na6 9. O-O Nb4 10.
Nd2 e5 11. dxe5 dxe5 12. Nc4 Qxd1 13. Raxd1 Be6 14. Rd2 Nh5 15. Rfd1 Nf4 16. Bf1 Rfe8 17. Bb6 Bh6 18. Bxa5 Bxc4 19. Bxb4 Be6 20. Bc5 Nh5 21. Be3 Bxe3 22. fxe3 Nf6 23. b4 Kf8 24. Ra1 h5 25.
a5 Ke7 26. Bd3 h4 27. Na4 Nd7 28. Rdd1 Reb8 29. Kf2 c5 30. Nxc5 Nxc5 31. bxc5 Rc8 32. Rdb1 Ra7 33. a6 bxa6 34. Ra5 Rac7 35. Rxa6 Rxc5 36. Rb7+ R8c7 37. Raa7 Rxb7 38. Rxb7+ Kf6 39.
Rb5 Rxb5 40. Bxb5 Ke7 41. Ke2 Kd6 42. Kd2 Kc5 43. Be8 g5 44. c3 Bc4 45. Ke1 f6 46. Ba4 Bd3 0-1

[Event "*** Titled Tuesday Blitz"]
[Site "Chess.com"]
[Date "2021.03.16"]
[Round "10"]
[White "IwkooO"]
[Black "Murad_Ibrahimli"]
[Result "0-1"]
[WhiteElo "2626"]
[BlackElo "2774"]
[TimeControl "180+1"]
[EndTime "11:54:54 PDT"]
[Termination "Murad_Ibrahimli won by checkmate"]

1. e4 d5 2. exd5 Qxd5 3. Nc3 Qa5 4. d4 Nf6 5. Nf3 Bg4 6. Bd2 c6 7. Bc4 e6 8. h3 Bxf3 9. Qxf3 Qc7 10. O-O-O Nbd7 11. g4 Nb6 12. Bb3 O-O-O 13. g5 Nfd5 14. Nxd5 cxd5 15.
h4 Kb8 16. h5 Bd6 17. Kb1 g6 18. Rh4 Rc8 19. Rdh1 Rhf8 20. hxg6 hxg6 21. Rh7 Nc4 22. Bc1 Na5 23. c3 Nxb3 24. axb3 a6 25. Rg7 Rcd8 26. Rhh7 Rd7 27. b4 Ka7 28. Rh4 Rc8 29. Bf4 Bxf4 30. Rxf4 Qc4 31. Rfxf7 Qf1+ 32. Ka2 Qc4+ 33. Kb1 Qf1+ 34.
Kc2 Rxf7 35. Rxf7 Qb5 36. Kd2 a5 37. Qd3 Qe8 38. Qxg6 axb4 39. Qf6 bxc3+ 40. bxc3 Qb5 41. Ke3 Rxc3+ 42. Kf4 Qe2 43. Rxb7+ Kxb7 44. Qe7+ Rc7 45. Qb4+ Kc8 46. Qf8+ Kd7 47. Qf7+ Kc6 48. Qe8+ Kb7 49. Kg3 Rc3+ 50. Kf4 Qe4# 0-1

[Event "*** Titled Tuesday Blitz"]
[Site "Chess.com"]
[Date "2021.03.16"]
[Round "10"]
[White "whogeeyao"]
[Black "RamyresCoelho"]
[Result "1-0"]
[WhiteElo "2322"]
[BlackElo "2099"]
[TimeControl "180+1"]
[EndTime "11:54:54 PDT"]
[Termination "whogeeyao won on time"]

1. e4 c5 2. Nf3 d6 3. d4 cxd4 4.
Nxd4 Nf6 5. Nc3 a6 6. Bg5 e6 7. f4 Qb6 8. Qd2 Qxb2 9. Rb1 Qa3 10. e5 dxe5 11. fxe5 Nfd7 12. Be2 Qc5 13. O-O Qxe5 14. Kh1 Bc5 15. Nf3 Qc7 16. Ne4 O-O 17. Bf4 Qc6 18. Qd3 Be7 19. Nfg5 g6 20. Bf3 Nc5 21. Qe3 Nxe4 22.
Nxe4 Qe8 23. Bh6 Nc6 24. Qc3 f6 25. Bxf8 Qxf8 26. a4 Ne5 27. Be2 Bd7 28. Rxb7 Bxa4 29. Qb2 Bb5 30. Bxb5 axb5 31. Rxb5 Qc8 32. Nxf6+ Bxf6 33. Rxf6 Qd7 34. Rf1 Re8 35. Qxe5 Re7 36. Rb8+ Re8 37.
Rxe8+ Qxe8 38. Rf6 Qa8 39. Rxe6 Qd8 40. Re8+ 1-0

[Event "*** Titled Tuesday Blitz"]
[Site "Chess.com"]
[Date "2021.03.16"]
[Round "10"]
[White "MustafayevFarid2004"]
[Black "Ranindu2003"]
[Result "0-1"]
[WhiteElo "2478"]
[BlackElo "2595"]
[TimeControl "180+1"]
[EndTime "11:54:55 PDT"]
[Termination "Ranindu2003 won on time"]

1. d4 Nf6 2. c4 e6 3. Nc3 c5 4. d5 exd5 5. cxd5 d6 6. e4 g6 7.
f4 Nbd7 8. Nf3 Bg7 9. Be2 O-O 10. O-O Re8 11. Nd2 a6 12. a4 Rb8 13. Qc2 Qe7 14. a5 b5 15. axb6 Nxb6 16. Bf3 Nfd7 17. Re1 c4 18. Nf1 Nc5 19. Be3 Nd3 20. Re2 h5 21. Rd1 Bg4 22. Bxg4 hxg4 23. Rxd3 cxd3 24. Qxd3 Bxc3 25.
Qxc3 Qxe4 26. Ng3 Qxd5 27. f5 Nc4 28. fxg6 fxg6 29. Bh6 Ne5 30. Ne4 Re6 31. Bg5 Rf8 32. Nf2 Nf3+ 33. gxf3 Rxe2 34. Bh6 Rf6 35. Qxf6 Re1+ 36.
Kg2 gxf3+ 37. Qxf3 Rg1+ 0-1

[Event "*** Titled Tuesday Blitz"]
[Site "Chess.com"]
[Date "2021.03.16"]
[Round "10"]
[White "AlexPapasimakopoulos"]
[Black "GMKrikor"]
[Result "0-1"]
[WhiteElo "2625"]
[BlackElo "2764"]
[TimeControl "180+1"]
[EndTime "11:54:57 PDT"]
[Termination "GMKrikor won on time"]

1. d4 Nf6 2. c4 g6 3. Nc3 d5 4. Nf3 Bg7 5. Qb3 dxc4 6. Qxc4 O-O 7. e4 Nc6 8. Be2 e5 9. d5 Nd4 10. Nxd4 exd4 11. Qxd4 c6 12. d6 Re8 13. Qd3 b5 14. a3 Be6 15. Qd1 a5 16. e5 Nd5 17.
f4 f6 18. Bf3 Nxc3 19. bxc3 Qb6 20. Qd4 c5 21. Qf2 Rac8 22. Bd5 fxe5 23. d7 Bxd5 24. dxc8=Q Rxc8 25. O-O exf4 26. Bxf4 Bxc3 27. Rac1 b4 28. axb4 axb4 29. Rxc3 bxc3 30. Bh6 Qd6 31. Qe3 Bf7 32. Kh1 c2 33. Qc3 Qd4 34. Qxc2 c4 35. Qb1 Qd5 36. Qb2 c3 37. Qc2 Qd2 38. Qa4 Qd5 39.
Qa1 Qe6 0-1

[Event "*** Titled Tuesday Blitz"]
[Site "Chess.com"]
[Date "2021.03.16"]
[Round "10"]
[White "PavelShkapenko"]
[Black "Niktlt"]
[Result "0-1"]
[WhiteElo "2694"]
[BlackElo "2540"]
[TimeControl "180+1"]
[EndTime "11:54:57 PDT"]
[Termination "Niktlt won by resignation"]

1. e4 e6 2. d4 d5 3. exd5 exd5 4. Nf3 Nf6 5. c4 Nc6 6. h3 Bb4+ 7. Nc3 O-O 8. Be2 dxc4 9. Bxc4 Re8+ 10. Be3 Nd5 11. Bxd5 Qxd5 12. O-O Qa5 13. d5 Ne7 14. Bd4 Bxc3 15.
Bxc3 Qxd5 16. Qa4 Bxh3 17. Rad1 Qh5 18. Rfe1 Nc6 19. Qf4 Bg4 20. Re3 Rxe3 21. fxe3 Bxf3 22. gxf3 Re8 23. Kf2 Ne7 24. Qxc7 Nf5 25. Qf4 h6 26. e4 Ne7 27. Rg1 Qc5+ 28. Qe3 Qxe3+ 29. Kxe3 Nd5+ 30.
Kd4 Nxc3 31. Kxc3 Rc8+ 32. Kd3 h5 33. Rg5 g6 34. f4 Kg7 35. e5 Rc6 36. Rg2 Rc7 37.
b4 Kf8 38. a4 Ke7 39. Kd4 Ke6 40.
Ke3 Rc4 41. Rb2 Kf5 42. Rd2 Re4+ 43. Kd3 Rxf4 44. Rc2 h4 45. Rc7 Ke6 46. Rc8 Rxb4 0-1

[Event "*** Titled Tuesday Blitz"]
[Site "Chess.com"]
[Date "2021.03.16"]
[Round "10"]
[White "SergeyShtyka"]
[Black "Darius321"]
[Result "1-0"]
[WhiteElo "2415"]
[BlackElo "2286"]
[TimeControl "180+1"]
[EndTime "11:54:57 PDT"]
[Termination "SergeyShtyka won on time"]

1. e4 e5 2. Nf3 Nc6 3. Nc3 Nf6 4.
Bb5 Bc5 5. O-O O-O 6. h3 d6 7. Bxc6 bxc6 8. d3 a5 9. Bg5 h6 10. Bh4 g5 11. Nxg5 hxg5 12. Bxg5 Kg7 13. Kh1 Rh8 14. f4 exf4 15. d4 Bxh3 16. gxh3 Rxh3+ 17. Kg2 Rg3+ 18. Kf2 Rxg5 19. dxc5 dxc5 20. Rg1 Rg3 21. Qxd8 Rxd8 22. Rxg3+ fxg3+ 23. Kxg3 Rd2 24. Rc1 Nd7 25. Kf4 Kf6 26. Ke3 Rh2 27. Rf1+ Ke6 28. Rf2 Rh3+ 29. Rf3 Rh2 30. Rf2 Rh3+ 31. Ke2 Ne5 32. Na4 Nc4 33. Nxc5+ Kd6 34. Nb7+ Ke5 35. b3 Nd6 36. Nxa5 f6 37. Nxc6+ Kxe4 38. Rxf6 Rc3 39. Nb4 Nb5 40. Kd2 Rc5 41. Rf4+ Kxf4 42. Nd3+ Ke4 43.
Nxc5+ Kd5 44. Nd3 Nd4 45. a4 c6 46. Nf4+ Ke4 47. Ne2 1-0

[Event "*** Titled Tuesday Blitz"]
[Site "Chess.com"]
[Date "2021.03.16"]
[Round "10"]
[White "nss13"]
[Black "InitiatingASC"]
[Result "1-0"]
[WhiteElo "2600"]
[BlackElo "2457"]
[TimeControl "180+1"]
[EndTime "11:54:58 PDT"]
[Termination "nss13 won by resignation"]

1. e4 c5 2. Nf3 Nc6 3. Bb5 Nf6 4. Bxc6 dxc6 5. d3 g6 6. h3 Bg7 7. Nc3 O-O 8. O-O Ne8 9. Be3 b6 10. Qd2 Nc7 11. Bh6 Ne6 12. Bxg7 Kxg7 13. Nh2 Nd4 14. f4 f5 15. Rae1 Rf7 16. exf5 Bxf5 17.
Nf3 Nxf3+ 18. Rxf3 Qd4+ 19. Qe3 Raf8 20. Kh2 Bc8 21. Rf2 Rxf4 22. Rxf4 Rxf4 23. Qxe7+ Rf7 24.
Qe5+ Qxe5+ 25. Rxe5 Kf6 26. Re8 Bf5 27. g4 Bd7 28.
Ne4+ Kg7 29. Rd8 h6 30. Kg3 Re7 31. b3 Be6 32. c4 Rd7 33. Rxd7+ Bxd7 34. Kf4 Kf7 35.
Ke5 Ke7 36. Nf6 Be6 37. h4 g5 38. hxg5 hxg5 39. a3 a5 40. a4 Bc8 41. Ng8+ Kf7 42. Nh6+ Ke7 43. Nf5+ Kf7 44. Nd6+ Kf8 45. Nxc8 b5 46.
cxb5 cxb5 47. axb5 c4 48. dxc4 a4 49. bxa4 1-0

[Event "*** Titled Tuesday Blitz"]
[Site "Chess.com"]
[Date "2021.03.16"]
[Round "10"]
[White "Natalya_Buksa"]
[Black "dpopadic"]
[Result "1/2-1/2"]
[WhiteElo "2502"]
[BlackElo "2365"]
[TimeControl "180+1"]
[EndTime "11:55:00 PDT"]
[Termination "Game drawn by repetition"]

1. d4 Nf6 2. Nc3 d5 3. Bf4 c6 4. e3 g6 5. h4 h5 6. Nf3 Bg4 7. Be2 Nbd7 8. Ne5 Bxe2 9. Qxe2 Bg7 10. O-O-O Nxe5 11. Bxe5 b5 12. f3 Qd7 13. g4 hxg4 14.
fxg4 O-O-O 15. a4 a6 16. axb5 axb5 17. Na2 Kb7 18. Nb4 Rdg8 19. g5 Ne4 20. Nd3 Bxe5 21.
Nxe5 Qe6 22. Qf3 f6 23. gxf6 exf6 24. Nd3 Kb6 25. Nf2 Qf5 26. Qxf5 gxf5 27. Nd3 Rg4 28. h5 Rg5 29. Nf4 Nf2 30. Rdf1 Nxh1 31. Rxh1 Rh6 32. Kd2 Rg8 33. Ke2 Rg5 34. Kf3 Kb7 35. b4 Kb6 36. c3 Kb7 37. Kf2 Kb6 38. Kf3 Rg8 39. Ne6 Rgh8 40.
Ra1 Rxh5 41. Nc5 Rh3+ 42. Kf4 R8h4+ 43. Kxf5 Rxe3 44. Ra6+ Kc7 45. Ra7+ Kb8 46. Rb7+ Kc8 47. Rb6 Kc7 48. Rb7+ Kc8 49. Rb6 Kc7 50. Rb7+ Kc8 1/2-1/2

[Event "*** Titled Tuesday Blitz"]
[Site "Chess.com"]
[Date "2021.03.16"]
[Round "10"]
[White "Sanyura"]
[Black "Das_Virus_2020"]
[Result "1-0"]
[WhiteElo "2619"]
[BlackElo "2471"]
[TimeControl "180+1"]
[EndTime "11:55:03 PDT"]
[Termination "Sanyura won by resignation"]

1. e4 e6 2. d4 d5 3. Nc3 Nf6 4. Bg5 Be7 5. e5 Nfd7 6. h4 c5 7. Bxe7 Kxe7 8. f4 cxd4 9. Qxd4 Qb6 10. Nf3 Qxd4 11. Nxd4 Nc6 12. O-O-O h5 13. Ncb5 g6 14. Be2 a6 15. Nd6 Rb8 16. g4 hxg4 17. Bxg4 Ncxe5 18. fxe5 Nxe5 19. Nxc8+ Rbxc8 20. Be2 f5 21. Rde1 Kf6 22.
c3 Rh6 23. Rh3 Nf7 24. Nf3 e5 25. Ng5 d4 26. Kd2 dxc3+ 27. bxc3 Rd8+ 28. Kc2 Rdh8 29. Nxf7 Kxf7 30. h5 g5 31. Rf3 f4 32. Rd3 e4 33. Rd5 f3 34. Bc4 Kf6 35. Rxe4 Rxh5 36. Rd7 Kf5 37. Re1 Kf4 38. Rf7+ Kg3 39. Rg1+ Kf2 40.
Rf1+ Kg2 41. R7xf3 g4 42. Rf4 g3 43. Bd3 Re5 44.
Rb1 Rhe8 45. Bf1+ Kh2 46. Rh4+ Kg1 47. Bb5+ Kf2 48. Bxe8 Rxe8 49. Rf4+ Ke2 50. Rg1 Rg8 51. Rg2+ 1-0

[Event "*** Titled Tuesday Blitz"]
[Site "Chess.com"]
[Date "2021.03.16"]
[Round "10"]
[White "sokidze"]
[Black "bazar-wokzal"]
[Result "1-0"]
[WhiteElo "2707"]
[BlackElo "2520"]
[TimeControl "180+1"]
[EndTime "11:55:05 PDT"]
[Termination "sokidze won by resignation"]

1. d4 Nf6 2. g3 Nc6 3. Nf3 d5 4. Bg2 Bg4 5. Ne5 e6 6. c4 Bb4+ 7. Nc3 O-O 8. Nxg4 Nxg4 9. cxd5 exd5 10. O-O Bxc3 11. bxc3 Qd7 12. Qb3 Nf6 13. Qxb7 Na5 14. Qb1 Rfe8 15. Qd3 Nc4 16. Bf4 Rab8 17. Rfe1 Ne4 18. f3 Ned6 19. e4 Rb2 20. exd5 Rxe1+ 21. Rxe1 Rxa2 22. Bxd6 Nxd6 23. c4 g6 24. c5 Nf5 25.
Qe4 Qa4 26. Qe8+ Kg7 27. Qe5+ Kg8 28. d6 cxd6 29. cxd6 Qc2 30. Qe2 Qc6 31. Qxa2 Qxd6 32. Qxa7 Nxd4 33. Qa8+ Kg7 34. Qe4 Nc6 35. Kh1 Qc5 36.
f4 Qc3 37. Rf1 Nd4 38. Qe5+ Kh6 39. Qg5+ Kg7 40. f5 Ne2 41. f6+ Kg8 42. Qb5 Qc8 43.
Qxe2 h6 44. Re1 Kh7 45. Qe8 1-0

[Event "*** Titled Tuesday Blitz"]
[Site "Chess.com"]
[Date "2021.03.16"]
[Round "10"]
[White "Unknown_IM"]
[Black "ural58"]
[Result "1-0"]
[WhiteElo "2417"]
[BlackElo "2509"]
[TimeControl "180+1"]
[EndTime "11:55:06 PDT"]
[Termination "Unknown_IM won by resignation"]

1. e4 d5 2. exd5 Qxd5 3. Nf3 Bg4 4. Be2 Nc6 5. h3 Bxf3 6. Bxf3 Qe6+ 7. Qe2 Nd4 8. Qxe6 Nxf3+ 9. gxf3 fxe6 10. d3 g6 11. Nc3 Bg7 12. Bd2 Nh6 13. O-O-O O-O 14. f4 Nf5 15. Rde1 Nd4 16. Re4 Rf5 17. Rhe1 Rh5 18.
Rh1 Rf8 19. Be3 c5 20. Kd1 a6 21. Ne2 Rd8 22. Bxd4 Bxd4 23. Nxd4 Rxd4 24. Rxe6 Kf7 25. Rhe1 Rd7 26. R6e3 Rf5 27. Re4 Rh5 28. R1e3 b5 29. Ke2 Rhd5 30. b3 a5 31. a4 b4 32. Re5 Kf6 33.
Re6+ Kf7 34. Ra6 Rf5 35. Re4 Rdd5 36. Rxa5 e5 37. Ra7+ Kf6 38. Rxh7 exf4 39. h4 Rfe5 40. Kf3 Rxe4 41. Kxe4 Re5+ 42. Kf3 Re1 43. Rc7 Re5 44. a5 Rh5 45. a6 Rxh4 46. Rxc5 Rh8 47. Rc4 Ra8 48.
Rxf4+ Ke5 49. Rxb4 Rxa6 50. Re4+ Kf5 51. b4 g5 52. b5 Ra2 53. c4 Rd2 54. Ke3 Rb2 55. f3 Rb1 56. Kd4 Rf1 57. b6 Rb1 58. c5 Rb3 59. Re8 1-0